 Dungeon Crawl Stone Soup version 0.17-a0-1582-ge6b0260 (webtiles) character file.

2637 karlkraus the Blocker (level 9, -4/72 HPs)
             Began as a Minotaur Fighter on July 27, 2015.
             Was a Believer of Qazlal.
             Killed from afar by an electric eel (11 damage)
             ... with a bolt of electricity
             ... on level 7 of the Dungeon.
             The game lasted 00:23:50 (4639 turns).

karlkraus the Blocker (Minotaur Fighter)            Turns: 4639, Time: 00:23:50

Health: -4/72      AC: 16    Str: 23 (24) XL:     9   Next: 35%
Magic:  8/8        EV:  7    Int:  4 (5)  God:    Qazlal [**....]
Gold:   484        SH: 15    Dex:  9 (10) Spells: 0 memorised, 8 levels left

rFire  . . .     SeeInvis .     a - +0 long sword
rCold  . . .     Clarity  .     C - +0 plate armour
rNeg   . . .     SustAt   .     c - +1 shield
rPois  .         Gourm    .     (helmet restricted)
rElec  .         Spirit   .     B - +0 cloak
rCorr  .         Warding  .     i - +0 pair of gloves
rMut   .         Stasis   .     (no boots)
MR     ++...                    (no amulet)
Stlth  ..........               (no ring)
                                g - ring of protection from magic

@: very resistant to hostile enchantments, extremely unstealthy
A: retaliatory headbutt, hooves 1, horns 2, deterioration 1, frail 1, magic
resistance 1
a: Upheaval, Renounce Religion


You were on level 7 of the Dungeon.
You worshipped Qazlal.
Qazlal was pleased with you.
You were not hungry.

You visited 2 branches of the dungeon, and saw 8 of its levels.

You collected 484 gold pieces.

Inventory:

Hand weapons
 a - a +0 long sword (weapon)
Armour
 c - a +1 shield (worn)
 i - a +0 pair of gloves (worn)
 B - a +0 cloak (worn)
 C - a +0 plate armour (worn)
Jewellery
 g - a ring of protection from magic (left hand)
Magical devices
 m - a wand of paralysis (12)
 D - a wand of lightning (13)
 E - a wand of digging (16)
Scrolls
 f - 4 scrolls of remove curse
 p - a scroll of teleportation
 A - a scroll of enchant weapon
Potions
 d - a potion of ambrosia
 j - 2 potions of invisibility
 l - 4 potions of curing
 s - a potion of heal wounds
 u - a potion of cure mutation
 w - a potion of brilliance
Comestibles
 b - a meat ration
 e - 4 bread rations
 k - a royal jelly
 r - 4 beef jerkies


   Skills:
 + Level 7.7 Fighting
 + Level 6.7 Long Blades
   Level 1.0 Maces & Flails
 + Level 7.9 Armour
 + Level 4.8 Dodging
 + Level 1.0 Stealth
 + Level 8.7 Shields


You had 8 spell levels left.
You didn't know any spells.

Dungeon Overview and Level Annotations

Branches:
Dungeon (7/15)             Temple (1/1) D:4

Altars:
Cheibriados
Elyvilon
Fedhas
Gozag
Makhleb
Nemelex Xobeh
Okawaru
Qazlal
Ru
Sif Muna
Trog
Xom
Yredelemnul
Jiyva


Innate Abilities, Weirdness & Mutations

You reflexively headbutt those who attack you in melee.
You have a pair of horns on your head.
You have large cloven feet.
Your body sometimes deteriorates upon taking damage.
You are frail (-10% HP).
You are resistant to hostile enchantments.


Message History

You are too injured to fight recklessly!
You are too injured to fight recklessly!
You are too injured to fight recklessly!
You are too injured to fight recklessly!
The electric eel shoots out a bolt of lightning at you!
The bolt of electricity misses you.
The bolt of electricity hits your butterfly.
Your butterfly dies!
You hit the electric eel.
You kick the electric eel, but do no damage.
The electric eel is lightly wounded.
The electric eel shoots out a bolt of lightning at you!
The bolt of electricity hits you!
* * * LOW HITPOINT WARNING * * *
Your plate armour prevents you from hitting the electric eel.
You kick the electric eel, but do no damage.
The electric eel is lightly wounded.
The electric eel shoots out a bolt of lightning at you!
The bolt of electricity hits you!
You die...

*,*,* #.#.# #.#.##
#.#..## ##≈P...#
##≈≈≈≈..# #..≈≈♣..#
#.Z;....# *
#..@..#** ** #...###
### ,* **#####...#
♣≈## ≈***
*,....%...# #♣≈≈####
,,,** *,#####...#
#♣≈≈....#
≈,≈,****,*####...##
#P♣≈≈....
,≈,,,,,,,##.....$.##
#........
≈,,,,***##.........#
#........ ,,,,,*
#..........###
#........


You could see an electric eel and an adder zombie.

Vanquished Creatures
  Pikel (D:5)
  The ghost of zkyp the Cutter, an experienced HuAr of Ashenzari (D:5)
  The ghost of patman the Cudgeler, an average TeWn (D:4)
  Eustachio (D:5)
  A water moccasin (D:5)
  2 orc warriors (D:7)
  2 ice beasts (D:5)
  An ogre (D:4)
  A gnoll sergeant (D:3)
  A big kobold (D:6)
  A scorpion (D:5)
  A hound (D:6)
  A crimson imp (D:6)
  A giant frog zombie (D:7)
  A quasit (D:7)
  2 orc priests (D:7)
  A jelly (D:5)
  5 orc wizards
  A centaur skeleton (D:6)
  Jessica (D:2)
  2 iguanas
  4 worker ants
  A hound zombie (D:5)
  A hound skeleton (D:5)
  10 adders
  4 gnolls
  5 oozes
  2 worms
  6 giant geckos
  34 orcs
  11 bats
  A bat zombie (D:6)
  5 giant cockroaches
  9 hobgoblins
  6 jackals (D:6)
  12 kobolds
  3 ball pythons
  4 giant newts
  11 goblins
  A quokka skeleton (D:4)
  13 rats
172 creatures vanquished.

Vanquished Creatures (others)
  5 orcs (D:5)
5 creatures vanquished.

Grand Total: 177 creatures vanquished

Notes
Turn   | Place    | Note
--------------------------------------------------------------
     0 | D:1      | karlkraus the Minotaur Fighter began the quest for the Orb.
     0 | D:1      | Reached XP level 1. HP: 19/19 MP: 0/0
    63 | D:1      | Reached skill level 4 in Armour
    63 | D:1      | Reached XP level 2. HP: 25/27 MP: 1/1
   373 | D:1      | Reached XP level 3. HP: 30/33 MP: 2/2
   553 | D:2      | Noticed Jessica
   580 | D:2      | Gained mutation: Your body sometimes deteriorates upon taking damage. [potion of mutation]
   580 | D:2      | Gained mutation: You have large cloven feet. [potion of mutation]
   580 | D:2      | Gained mutation: You are resistant to hostile enchantments. [potion of mutation]
   611 | D:2      | Killed Jessica
   611 | D:2      | Reached skill level 1 in Dodging
   611 | D:2      | Reached XP level 4. HP: 22/41 MP: 3/3
   631 | D:2      | Gained mutation: You are frail (-10% HP). [potion of mutation]
   808 | D:2      | Found a sparkling altar of Nemelex Xobeh.
   998 | D:3      | Reached XP level 5. HP: 40/42 MP: 4/4
  1121 | D:3      | Reached skill level 5 in Armour
  1215 | D:3      | Reached skill level 5 in Shields
  1215 | D:3      | Reached XP level 6. HP: 19/49 MP: 5/5
  1335 | D:3      | Reached skill level 1 in Maces & Flails
  1951 | D:4      | Noticed patman's ghost (average TeWn)
  1961 | D:4      | Killed patman's ghost
  1961 | D:4      | Reached skill level 5 in Fighting
  1983 | D:4      | Reached skill level 6 in Shields
  1983 | D:4      | Reached XP level 7. HP: 32/54 MP: 6/6
  2517 | D:4      | Found a staircase to the Ecumenical Temple.
  2529 | Temple   | Entered the Ecumenical Temple
  2546 | Temple   | Became a worshipper of Qazlal Stormbringer
  2576 | D:5      | Entered Level 5 of the Dungeon
  2577 | D:5      | Noticed Pikel
  2592 | D:5      | Killed Pikel
  2592 | D:5      | Reached XP level 8. HP: 33/63 MP: 7/7
  2597 | D:5      | Noticed zkyp's ghost (experienced HuAr)
  2614 | D:5      | Killed zkyp's ghost
  2614 | D:5      | Reached skill level 7 in Fighting
  2614 | D:5      | Reached skill level 5 in Long Blades
  2628 | D:5      | Noticed Eustachio
  2637 | D:5      | Killed Eustachio
  2719 | D:5      | Found a viscous altar of Jiyva.
  3160 | D:5      | Reached XP level 9. HP: 37/71 MP: 8/8
  3160 | D:5      | Acquired Qazlal's first power
  3560 | D:6      | Found a blossoming altar of Fedhas.
  3721 | D:6      | Reached skill level 8 in Shields
  3727 | D:6      | Reached skill level 1 in Stealth
  3908 | D:6      | Found a basalt altar of Yredelemnul.
  3908 | D:6      | Found a bloodstained altar of Trog.
  4405 | D:7      | Found an iron altar of Okawaru.
  4460 | D:7      | Acquired Qazlal's second power
  4639 | D:7      | Killed from afar by an electric eel

Vault maps used:
D:1:      evilmike_arrival_hilbert_curve
D:2:      nemelex_spade_bored_becter, uniq_jessica
D:3:      corexii_shack
D:4:      temple_hall, first_bread
D:5:      minmay_misc_feat_chi, jiyva_altar_1, uniq_pikel, uniq_eustachio
D:6:      minmay_opposing_rooms, lemuel_crystal_altar,
          gammafunk_temple_overflow_statue
D:7:      okawaru_trees_1, serial_bayou, serial_bayou_pond_c,
          serial_bayou_pond_d, serial_bayou_pond_d, serial_bayou_pond_d,
          kennysheep_dice
Temple:   circular_temple_12

Action                   |  1- 3 |  4- 6 |  7- 9 || total
-------------------------+-------+-------+-------++-------
Melee: Long sword        |    88 |    77 |   288 ||   453
       Flail             |       |    57 |       ||    57
  Use: Potion            |     3 |     4 |     4 ||    11
       Scroll            |       |     7 |    12 ||    19
  Eat: Chunk             |       |     4 |     7 ||    11
       Pizza             |       |       |     1 ||     1
